[Event "*** Titled Tuesday Blitz"]
[Site "Chess.com"]
[Date "2021.03.30"]
[Round "2"]
[White "WPWPWP-2015"]
[Black "Andrii_Prydun"]
[Result "1-0"]
[WhiteElo "2453"]
[BlackElo "2245"]
[TimeControl "180+1"]
[EndTime "10:18:28 PDT"]
[Termination "WPWPWP-2015 won on time"]

1. e4 d5 2. exd5 Qxd5 3. Nc3 Qd6 4. d4 Nf6 5. Nf3 c6 6. g3 Bg4 7. Bg2 Nbd7 8. h3 Bxf3 9. Qxf3 Qxd4 10. Be3 Qc4 11.
O-O-O e6 12. Rd4 Qa6 13. Rhd1 Rd8 14. Bf4 Be7 15. Bc7 Rc8 16. Ra4 Qxa4 17. Nxa4 Rxc7 18. Qf4 Rc8 19. Qd4 b6 20. g4 h6 21. f4 g5 22. f5 e5 23. Qd3 h5 24. Qa6 Rc7 25.
Qe2 hxg4 26. hxg4 Rh4 27. Bf3 e4 28. Bxe4 Rxg4 29. Bf3 Rxa4 30. Qh2 Rc8 31. a3 Rf4 32.
Be2 Ne5 33. Ba6 Rd8 34. Rxd8+ Kxd8 35. Qd2+ Ke8 36. Be2 Nd5 37. Kb1 Bf6 38. c4 Nxc4 39. Bxc4 Rxc4 40. Qe2+ Kd7 41. Qxc4 Be5 42. Qa6 f6 43.
Qxa7+ Kd6 44. Qb8+ Kd7 45. Qb7+ Kd6 46. Qc8 Kc5 47.
Kc2 Kb5 48. b3 c5 49. a4+ Kb4 50. Qe6 Ne3+ 51. Kd3 Bd4 52. Qxb6+ Ka3 53. Qb5 g4 54. a5 g3 55. Qa4+ Kb2 56. Qe8 g2 57. Qg8 Kc1 58. a6 1-0

[Event "*** Titled Tuesday Blitz"]
[Site "Chess.com"]
[Date "2021.03.30"]
[Round "2"]
[White "The_Machine04"]
[Black "LamaChampetre"]
[Result "1-0"]
[WhiteElo "2440"]
[BlackElo "2228"]
[TimeControl "180+1"]
[EndTime "10:18:28 PDT"]
[Termination "The_Machine04 won by checkmate"]

1. d4 Nf6 2. Bg5 Ne4 3. Bf4 c5 4. f3 Nf6 5. dxc5 Qa5+ 6. Nc3 Qxc5 7. e4 Nc6 8. Qd2 d6 9. O-O-O Be6 10. Nge2 h6 11.
Be3 Qa5 12. Kb1 g6 13. Nf4 Bd7 14. Ncd5 Qxd2 15. Nxf6+ exf6 16. Rxd2 Be7 17. Nd5 Rc8 18.
a3 f5 19. Bd3 fxe4 20. Bxe4 f5 21. Bd3 Ne5 22. Be2 Nc6 23. Re1 Kf8 24. Bb5 Bh4 25. g3 Bd8 26. Bf4 Ne5 27. Bxd7 Nxd7 28. Bxd6+ Kf7 29.
Rde2 Rc6 30. Re7+ Bxe7 31. Rxe7+ Kg8 32. Rxd7 Rxd6 33. Rxd6 Kf7 34. Rf6+ Kg7 35. Re6 Rd8 36. Re7+ Kf8 37. Re5 Kf7 38. c4 b6 39. f4 b5 40. b3 bxc4 41. bxc4 Rb8+ 42. Kc2 g5 43. Re7+ Kf8 44. Rxa7 gxf4 45. gxf4 Re8 46. Kd3 Re1 47.
Rh7 Rd1+ 48. Kc3 Rc1+ 49. Kd4 Rb1 50. Ke5 Rd1 51. Kf6 Re1 52. Rh8# 1-0

[Event "*** Titled Tuesday Blitz"]
[Site "Chess.com"]
[Date "2021.03.30"]
[Round "2"]
[White "MIJuanReyesRosa"]
[Black "Pantata007"]
[Result "0-1"]
[WhiteElo "2111"]
[BlackElo "2402"]
[TimeControl "180+1"]
[EndTime "10:18:28 PDT"]
[Termination "Pantata007 won by checkmate"]

1. d4 d5 2. c4 c6 3. Nc3 Nf6 4. Nf3 e6 5. e3 Nbd7 6. Bd3 dxc4 7.
Bxc4 b5 8. Bd3 Bd6 9. e4 e5 10. dxe5 Nxe5 11. Nxe5 Bxe5 12. h3 O-O 13. O-O Re8 14. Qe2 b4 15. Na4 Qa5 16. Qc2 Bd4 17.
Be3 Bxe3 18. fxe3 Ba6 19. Bxa6 Qxa6 20. Nc5 Qb5 21. Rf5 Nxe4 22. Raf1 Ng3 23. Rxf7 Nxf1 24. Rxf1 Rf8 25. Rd1 Rad8 26. Qb3+ Kh8 27. Rxd8 Rxd8 28. Ne6 Rb8 29. Nc7 Qe5 30. Ne6 Re8 31. Nf4 Qxe3+ 32. Qxe3 Rxe3 33. Kf2 Re8 34. g4 Kg8 35. Kf3 Kf7 36. Nd3 Rc8 37. Nc5 a5 38. Ke4 Kf6 39. Kd4 Kg5 40. Ne4+ Kh4 41. Nd6 Rd8 42. Kc5 Kxh3 43.
Nf7 Rf8 44. Ng5+ Kxg4 45. Nxh7 Rc8 46. Kb6 Kh5 47. Kb7 Re8 48. Kc7 Kg6 49. Kd7 Rh8 50. Kc7 Kxh7 51. Kxc6 Rc8+ 52. Kb5 Rc2 53. Kxa5 Rxb2 54. a4 bxa3 55. Ka4 a2 56. Ka3 a1=Q# 0-1

[Event "*** Titled Tuesday Blitz"]
[Site "Chess.com"]
[Date "2021.03.30"]
[Round "2"]
[White "FGHSMN"]
[Black "kuba2006"]
[Result "0-1"]
[WhiteElo "2663"]
[BlackElo "2354"]
[TimeControl "180+1"]
[EndTime "10:18:29 PDT"]
[Termination "kuba2006 won on time"]

1. e4 Nf6 2. e5 Nd5 3. d4 d6 4. Nf3 Bg4 5. Be2 c6 6. O-O Bxf3 7. Bxf3 dxe5 8. dxe5 e6 9. c4 Ne7 10. Qxd8+ Kxd8 11. Bf4 Ng6 12. Bg3 Nd7 13. Re1 Bb4 14.
Re2 Ba5 15. Nd2 Ke7 16. Nb3 Bc7 17. Rae1 a5 18. Nd4 Rad8 19. Nc2 Bxe5 20. Bxe5 Ndxe5 21. Rxe5 Nxe5 22. Rxe5 Rd2 23. Re2 Rhd8 24. Kf1 Rd1+ 25. Re1 R1d2 26. Rc1 a4 27. Ke1 f5 28. Bd1 Kf6 29.
Rb1 b5 30. Ne3 R2d4 31. Be2 Rb8 32. cxb5 cxb5 33. Rd1 Rxd1+ 34. Kxd1 b4 35. b3 axb3 36. axb3 Ke5 37. Kc2 Kd4 38. Bc4 f4 39. Ng4 e5 40.
f3 e4 41. fxe4 Kxe4 42. Bd3+ Kd4 43. Bxh7 Rc8+ 44. Kd2 Rc3 45. Bc2 f3 46. gxf3 Rxf3 47. Bd1 Rh3 48. Ke2 Kc3 49. Ne5 Rxh2+ 50. Ke3 Rh1 51.
Ke2 Rh2+ 52. Ke3 Rh8 53. Nc4 Re8+ 54. Kf2 Rd8 55. Ke2 g5 56. Ne3 Re8 57. Kf2 Kd2 0-1

[Event "*** Titled Tuesday Blitz"]
[Site "Chess.com"]
[Date "2021.03.30"]
[Round "2"]
[White "thechesscorner64"]
[Black "German_Bazeev"]
[Result "0-1"]
[WhiteElo "2354"]
[BlackElo "2790"]
[TimeControl "180+1"]
[EndTime "10:18:30 PDT"]
[Termination "German_Bazeev won on time"]

1. e4 c6 2. d4 d5 3. exd5 cxd5 4. c4 e6 5. Nc3 Bb4 6. Nf3 Nc6 7. cxd5 Qxd5 8. Bd2 Bxc3 9. bxc3 Nf6 10. Bd3 O-O 11.
Qe2 b6 12. O-O Bb7 13. Rfe1 Rad8 14. a4 Rfe8 15. Bg5 Ne7 16. Bxf6 gxf6 17. Qd2 Qh5 18. Be4 Bxe4 19. Rxe4 Ng6 20. Rae1 Kg7 21. Kh1 f5 22. R4e2 Qh6 23. Qxh6+ Kxh6 24. g3 Kg7 25. h4 Rd5 26. h5 Nf8 27. Ne5 Nd7 28. Nxd7 Rxd7 29. Re5 Red8 30. a5 Rc7 31. axb6 axb6 32. R1e3 Kf6 33. Rb5 Rd6 34. f4 Rdc6 35. Kg2 Rxc3 36. Rxc3 Rxc3 37. Rxb6 Rd3 38. Rd6 Ke7 39. Ra6 Rxd4 40. Ra7+ Rd7 41. Ra5 Kf6 42. Kf3 Kg7 43.
Ra1 Rd3+ 44. Kf2 Rd2+ 45. Kf3 Rd3+ 46. Kf2 Rd7 47. Rh1 Kh6 48. Kf3 Rb7 49. Kf2 Rb3 50.
Kg2 Re3 51. Kf2 Re4 52. Kf3 Rd4 53. Kf2 f6 54. Kf3 e5 55. fxe5 fxe5 56. Ke3 Kg5 57.
h6 Ra4 58. Kf3 Ra3+ 59. Kf2 Ra6 60. Kf3 Rxh6 61. Re1 Re6 62. Rd1 h5 63. Rd8 e4+ 64.
Ke3 Rg6 65. Rf8 Kg4 66. Kf2 Rg5 67. Rf7 h4 68. gxh4 Kxh4 69. Ke3 Kg4 70. Rf8 Rg7 71. Rf6 Kg5 72. Rf8 Rd7 73. Rg8+ Kf6 0-1

[Event "*** Titled Tuesday Blitz"]
[Site "Chess.com"]
[Date "2021.03.30"]
[Round "2"]
[White "VladDobrov"]
[Black "hermionegrangermagic"]
[Result "1-0"]
[WhiteElo "2775"]
[BlackElo "2524"]
[TimeControl "180+1"]
[EndTime "10:18:32 PDT"]
[Termination "VladDobrov won on time"]

1. d4 d5 2. c4 e6 3. Nc3 Be7 4. Nf3 Nf6 5. Bf4 O-O 6. e3 b6 7. cxd5 Nxd5 8. Nxd5 exd5 9. Bd3 Bb7 10. Qc2 h6 11.
Qxc7 Qxc7 12. Bxc7 Nc6 13. Rc1 Nb4 14. Bb1 Rac8 15. Kd2 Nc6 16. Bg3 Na5 17. Ke2 Nc4 18. Bf5 Ra8 19. b3 Nd6 20. Bd3 Rac8 21. Nd2 Ne4 22.
Nxe4 dxe4 23. Bc4 Ba3 24. Rcd1 Bb4 25. a4 a6 26. Rc1 Ba3 27. Ra1 Bb4 28. Rhc1 Rfd8 29.
f4 g6 30. Be1 Bxe1 31. Kxe1 Kg7 32. Kd2 g5 33. g3 gxf4 34. gxf4 Kf6 35. Rg1 Rg8 36.
Rg3 Rxg3 37. hxg3 Rg8 38. Rg1 h5 39. Ke2 h4 40. g4 Bc6 41. g5+ Kg6 42. Bxa6 Rh8 43.
Rh1 h3 44. Rh2 Bd5 45. Bc4 Bxc4+ 46. bxc4 Kf5 47. Kf2 Kg4 48. Rh1 h2 49. Kg2 Rh3 50. Rxh2 Rg3+ 51. Kf2 f5 52. gxf6 Rf3+ 53. Ke2 Kg3 54. Rh8 Rf2+ 55. Kd1 Kf3 56. f7 Kxe3 57. Rh3+ 1-0

[Event "*** Titled Tuesday Blitz"]
[Site "Chess.com"]
[Date "2021.03.30"]
[Round "2"]
[White "gaby_przz"]
[Black "chessprincesa1"]
[Result "1-0"]
[WhiteElo "2464"]
[BlackElo "2264"]
[TimeControl "180+1"]
[EndTime "10:18:32 PDT"]
[Termination "gaby_przz won by checkmate"]

1. e4 e5 2. Nf3 Nc6 3. d4 exd4 4. Bc4 Nf6 5. e5 d5 6. Bb5 Ne4 7. Nxd4 Bd7 8. Bxc6 bxc6 9. O-O Be7 10. Be3 O-O 11. Nd2 Nxd2 12. Qxd2 c5 13. Nf3 d4 14.
Bf4 Bc6 15. Qe2 Rb8 16. b3 Bb5 17. Qe4 f5 18. exf6 Bxf6 19. Rfe1 Re8 20. Qf5 d3 21. Rad1 Rxe1+ 22. Nxe1 c4 23. bxc4 Bxc4 24. Nxd3 Bxd3 25.
cxd3 Rb2 26. Qc5 Bd4 27. Qc4+ Kh8 28. Bg3 Qf6 29. Rf1 c5 30. Qd5 h6 31. h4 a6 32.
h5 Qe7 33. Qa8+ Kh7 34. Qxa6 Qe2 35. Qg6+ Kg8 36. a4 Ra2 37. Qc6 Kh7 38. Qe4+ Qxe4 39. dxe4 Rxa4 40. Rc1 Ra6 41. Rc4 Re6 42. e5 Kg8 43. Kh2 Kf7 44. f4 Re8 45. Kh3 Ke6 46. Kg4 Kd5 47. Rc2 c4 48. Kf5 c3 49. Kg6 Kc4 50.
Kxg7 Kb3 51. Rc1 Kb2 52. Rf1 c2 53. f5 Bxe5+ 54. Bxe5+ Rxe5 55. f6 Rg5+ 56. Kxh6 Rxg2 57. f7 Rf2 58. Rxf2 Kb1 59. Rxc2 Kxc2 60. f8=Q Kd2 61.
Kg5 Kc3 62. Qf4 Kb3 63. h6 Ka2 64. h7 Ka1 65. h8=Q+ Kb1 66. Qc3 Ka2 67. Qfd2+ Kb1 68. Qdb2# 1-0

[Event "*** Titled Tuesday Blitz"]
[Site "Chess.com"]
[Date "2021.03.30"]
[Round "2"]
[White "Bathory44"]
[Black "BendyBear"]
[Result "1/2-1/2"]
[WhiteElo "2665"]
[BlackElo "2449"]
[TimeControl "180+1"]
[EndTime "10:18:36 PDT"]
[Termination "Game drawn by repetition"]

1. e4 c5 2. c3 d5 3. exd5 Qxd5 4. d4 e5 5. Nd2 exd4 6. Ngf3 Bd6 7. cxd4 cxd4 8.
Bc4 Qh5 9. O-O Ne7 10. Ne4 Bc7 11. Re1 Nbc6 12. Ng3 Qc5 13. Qc2 Qb6 14. Ng5 Ne5 15.
Rxe5 Bxe5 16. Nxf7 Bxg3 17. Nxh8 Bf5 18. Qa4+ Bd7 19. Qb3 Qxb3 20. axb3 Bc7 21. Bg5 h6 22. Bxe7 Kxe7 23. Ng6+ Kf6 24. Nh4 g5 25. Nf3 Bb6 26.
Rd1 Bg4 27. h3 Bxf3 28. gxf3 Re8 29. Kg2 Kf5 30. Bd3+ Kf4 31. Be4 Rc8 32. Rd2 Rc7 33. b4 h5 34. Bg6 h4 35. Be4 Rd7 36. Rd3 Re7 37. Rd2 Rc7 38. Rd3 Re7 39. Rd2 Rc7 40. Rc2 Re7 41. Rc8 Ke5 42. Rf8 Rg7 43. Rf5+ Kd6 44.
Rd5+ Ke6 45. Kf1 Kf6 46. Ke2 Rc7 47. Rf5+ Kg6 48. Rc5+ Kf6 49. Rxc7 Bxc7 50. Kd3 b6 51.
Kxd4 Be5+ 52. Kd5 Bxb2 53. Kc6 Bd4 54. b5 Bxf2 55. Bd5 Bc5 56. Kb7 Kf5 57. Bc6 Kf4 58.
Bd7 Kxf3 59. Bg4+ Kf4 60. Kxa7 Ke5 61. Ka6 Kd5 62. Bc8 Ke5 63. Bg4 Kd6 64. Bc8 Ke7 65.
Bg4 Kd8 66. Bf5 Kc7 67. Bg4 Kd6 68. Bf5 Ke5 69. Bg4 1/2-1/2

[Event "*** Titled Tuesday Blitz"]
[Site "Chess.com"]
[Date "2021.03.30"]
[Round "2"]
[White "WisdomGame"]
[Black "jefferyx"]
[Result "1/2-1/2"]
[WhiteElo "2010"]
[BlackElo "2969"]
[TimeControl "180+1"]
[EndTime "10:18:36 PDT"]
[Termination "Game drawn - insufficient material"]

1. e4 c5 2. Nf3 e6 3. d3 Nc6 4. g3 g6 5. Bg2 Bg7 6. O-O Nge7 7. Nc3 O-O 8. Nh4 Rb8 9. a4 a6 10. Be3 d6 11. Qd2 b5 12. axb5 axb5 13. Bh6 Nd4 14.
Bxg7 Kxg7 15. f4 f5 16. Ne2 Qb6 17. Nxd4 cxd4 18. exf5 gxf5 19. Qd1 Bb7 20. Nf3 Nd5 21. Ng5 Rf6 22. Bxd5 Bxd5 23. Re1 Rc8 24. Rc1 Rh6 25. h4 Rg6 26. Kh2 h6 27. Nh3 Kh7 28. Qe2 Rcg8 29. Rg1 Qd8 30. Qf2 Qf6 31. c3 dxc3 32.
bxc3 Rc8 33. d4 Rg7 34. Rge1 Ra7 35. Re2 Ra3 36. Qe1 Qg7 37. Nf2 Rg8 38. Nd3 Bc4 39. Rd2 Bxd3 40. Rxd3 Ra2+ 41. Kh1 Qg4 42. Qf1 Qe2 43.
Qxe2 Rxe2 44. Rcd1 Ra8 45. R3d2 Re3 46. Rd3 Rxd3 47.
Rxd3 Ra3 48. d5 b4 49. dxe6 bxc3 50. Rd1 Kg6 51. Kg2 Kf6 52. Rxd6 Ra2+ 53. Kh3 Rd2 54. Rc6 c2 55. h5 Ke7 56. g4 Rd3+ 57. Kh4 Rd4 58. gxf5 Rxf4+ 59. Kg3 Rxf5 60. Rxc2 Rxh5 61. Kg4 Rg5+ 62. Kh4 Re5 63. Rc7+ Kxe6 64. Rc6+ Kf5 65.
Rxh6 Re6 66. Rxe6 Kxe6 1/2-1/2

[Event "*** Titled Tuesday Blitz"]
[Site "Chess.com"]
[Date "2021.03.30"]
[Round "2"]
[White "Alopekos"]
[Black "HrvojeZagreb"]
[Result "0-1"]
[WhiteElo "2412"]
[BlackElo "2221"]
[TimeControl "180+1"]
[EndTime "10:18:36 PDT"]
[Termination "HrvojeZagreb won on time"]

1. e4 e6 2. d4 d5 3. Nc3 dxe4 4. Nxe4 Nd7 5. Bd3 Ngf6 6. Qe2 Nxe4 7. Bxe4 Bd6 8. Nf3 c5 9. Bg5 Qb6 10. O-O-O O-O 11.
d5 Ne5 12. Nxe5 Bxe5 13. Bxh7+ Kxh7 14. Qxe5 exd5 15. Rxd5 Be6 16. Rxc5 Rac8 17. Be3 Qa6 18. a3 Rfe8 19. Rxc8 Rxc8 20. Bd4 f6 21. Qe4+ Kg8 22. Re1 Bf7 23. Bc3 Rxc3 24. bxc3 Qxa3+ 25. Kd2 Qd6+ 26. Qd4 Qxh2 27. Qd8+ Kh7 28. Qd3+ Kg8 29. Qf3 Qh6+ 30. Re3 Qg5 31. Qxb7 a5 32. Qa8+ Kh7 33. Qe4+ g6 34.
f4 Qb5 35. Qd3 Qb6 36. Rh3+ Kg7 37. Qd4 Qc6 38. f5 Qxg2+ 39. Kc1 Qxh3 40. fxg6 Kxg6 41. Qe4+ Kg7 42. Qb7 Qh6+ 43. Kb2 Qf4 44. Qa7 a4 45.
Qg1+ Bg6 46. Qa7+ Bf7 47. Qg1+ Kf8 48. Qa7 Be8 49. Qc5+ Kf7 50. Qa7+ Kg6 51. Qa8 Qe5 52.
Qg2+ Kf7 53. Qb7+ Qe7 54. Qd5+ Qe6 55. Qb7+ Kf8 56. Qb4+ Qe7 57. Qf4 a3+ 58. Ka1 Bf7 59.
Qb8+ Kg7 60. Qg3+ Bg6 61. Qf2 Qb7 0-1

[Event "*** Titled Tuesday Blitz"]
[Site "Chess.com"]
[Date "2021.03.30"]
[Round "2"]
[White "Rytenko_V"]
[Black "ShapkinAnatoliy"]
[Result "1/2-1/2"]
[WhiteElo "2402"]
[BlackElo "2654"]
[TimeControl "180+1"]
[EndTime "10:18:37 PDT"]
[Termination "Game drawn by stalemate"]

1. d4 Nf6 2. c4 g6 3. Nc3 d5 4. Bg5 Bg7 5. e3 O-O 6. Nf3 Ne4 7. Nxe4 dxe4 8. Nd2 c5 9. Nb3 cxd4 10. exd4 Nc6 11.
Be3 a5 12. a4 Nb4 13. Be2 b6 14. O-O f5 15. Qd2 Ba6 16. Rac1 Rc8 17. c5 bxc5 18. Bxa6 Nxa6 19. Nxc5 Nxc5 20. Rxc5 Rxc5 21. dxc5 Qxd2 22. Bxd2 Bxb2 23. Bxa5 Ra8 24. Bb6 Rxa4 25. g3 Kf7 26. Rd1 Ra1 27. Rxa1 Bxa1 28. Kf1 Ke6 29. Ke2 Bd4 30.
h3 Kd5 31. Bd8 e6 32. Bg5 Kxc5 33. Be7+ Kd5 34. Bg5 Bc5 35. Bh6 e5 36. Bg5 Bd6 37. h4 f4 38. gxf4 exf4 39. Bf6 Ke6 40. Bg5 Kf5 41. Bd8 Be5 42. h5 gxh5 43. Ba5 f3+ 44.
Kf1 h4 45. Kg1 Kg4 46. Bd2 Bd4 47. Be1 h3 48. Kh2 Be5+ 49. Kh1 h5 50. Bd2 Bf4 51. Be1 Bg3 52. Kg1 e3 53. fxg3 h2+ 54. Kxh2 f2 55. Bxf2 exf2 56. Kg2 f1=Q+ 57. Kxf1 Kxg3 58.
Kg1 Kh3 59. Kh1 h4 60. Kg1 Kg3 61. Kh1 h3 62. Kg1 h2+ 63. Kh1 Kh3 1/2-1/2

[Event "*** Titled Tuesday Blitz"]
[Site "Chess.com"]
[Date "2021.03.30"]
[Round "2"]
[White "Mamedyarov_twitch"]
[Black "sofaceindisguise"]
[Result "1-0"]
[WhiteElo "2942"]
[BlackElo "2581"]
[TimeControl "180+1"]
[EndTime "10:18:38 PDT"]
[Termination "Mamedyarov_twitch won by resignation"]

1. e4 c6 2. Nf3 d5 3. d3 dxe4 4. dxe4 Qxd1+ 5. Kxd1 Bg4 6. Nd2 Nd7 7. h3 Bh5 8. g4 Bg6 9. Nh4 O-O-O 10. f4 f6 11. Nxg6 hxg6 12. Ke2 e5 13. f5 g5 14. Nb3 Nc5 15. Bg2 Nxb3 16. axb3 Bc5 17. c3 Ne7 18. b4 Bb6 19. Bd2 a6 20. Be1 Rd7 21. Rd1 Rxd1 22. Kxd1 Be3 23. Ke2 Bf4 24. Bf2 Kc7 25.
Rd1 Nc8 26. Bc5 Rd8 27. Rxd8 Kxd8 28. Bf1 Ke8 29. Kd1 b5 30. Bd3 Ne7 31. Bc2 Kd8 32. Bb3 Ke8 33. Be6 Kd8 34. b3 Ke8 35. Kc2 Kd8 36.
Bd6 Ke8 37. Kd3 Bg3 38. Bc5 Be1 39. c4 Kd8 40. Ke2 Bc3 41. Kd3 Be1 42. Ke2 Bc3 43. Kf3 Ke8 44. Kg3 Be1+ 45. Kg2 Kd8 46. Kf1 Bc3 47. Ke2 Ke8 48. Kd3 Be1 49. Kc2 Kd8 50. Kd1 Bc3 51. Kc2 Be1 52. Kb2 Ke8 53. Ka3 Kd8 54.
Bb6+ Ke8 55. Be3 Kd8 56. Bc5 Ke8 57. Bb6 Bd2 58. Bf2 Bc3 59. h4 gxh4 60. Bxh4 Bd2 61. Bf2 Bc3 62. Bc5 g5 63. fxg6 Nxg6 64. Bc8 Nf4 65.
Bxa6 Nd3 66. cxb5 Nxc5 67. bxc5 Kd7 68. b4 Kc7 69. Kb3 Be1 70. bxc6 Kxc6 71. Kc4 1-0

[Event "*** Titled Tuesday Blitz"]
[Site "Chess.com"]
[Date "2021.03.30"]
[Round "2"]
[White "anon6121824"]
[Black "biostatistician"]
[Result "1/2-1/2"]
[WhiteElo "2799"]
[BlackElo "2542"]
[TimeControl "180+1"]
[EndTime "10:18:39 PDT"]
[Termination "Game drawn - insufficient material"]

1. e4 e6 2. d4 d5 3. Nc3 Nc6 4. e5 f6 5. Nf3 fxe5 6. dxe5 Nh6 7. Bd3 Nf7 8. Qe2 Nb4 9. O-O Nxd3 10. cxd3 c5 11. d4 Bd7 12. dxc5 Bxc5 13. Be3 Bxe3 14.
Qxe3 O-O 15. Rad1 Qe7 16. Rfe1 Rfc8 17. h3 Rc4 18. Rd4 Qc5 19. Red1 Rxd4 20. Nxd4 Rf8 21.
Rc1 Qb6 22. Nce2 Nh6 23. b3 Bb5 24. Nf4 Re8 25. a4 Bd7 26. Nd3 Rc8 27. Rxc8+ Bxc8 28. b4 Bd7 29. a5 Qd8 30. Nc5 Qe7 31. Nxb7 Qxb4 32. Nd8 Qxa5 33. N8xe6 Bxe6 34. Nxe6 Nf5 35. Qf4 Qe1+ 36. Kh2 Qe4 37. Qxe4 dxe4 38. Nc5 a5 39. Nxe4 a4 40. Nc3 a3 41. f4 Nd4 42. g4 Ne2 43.
Na2 Nxf4 44. Kg3 g5 45. h4 h6 46. hxg5 hxg5 47. Kf3 Kf7 48. Ke4 Ke6 49. Nb4 Ng6 50. Nc2 a2 51. Nd4+ Kd7 52. Nb3 Ne7 53. Nc5+ Kc6 54.
Nb3 Kb5 55. Kd3 Kb4 56. Kc2 Kc4 57. Kb2 Kd5 58. Kxa2 Kxe5 59. Kb2 Kf4 60. Nd4 Kxg4 61. Ne6 Kf5 62. Nxg5 1/2-1/2

[Event "*** Titled Tuesday Blitz"]
[Site "Chess.com"]
[Date "2021.03.30"]
[Round "2"]
[White "ViktoriyaTarasova"]
[Black "alexrustemov"]
[Result "0-1"]
[WhiteElo "2407"]
[BlackElo "2724"]
[TimeControl "180+1"]
[EndTime "10:18:40 PDT"]
[Termination "alexrustemov won by resignation"]

1. d4 g6 2. c4 Bg7 3. e4 c5 4. d5 Qa5+ 5. Bd2 Qb6 6. Nc3 d6 7. Qc2 Na6 8. a3 Nf6 9. Bd3 O-O 10. Nge2 e5 11. h3 Bd7 12. g4 h5 13. f3 Kh7 14.
Kf2 Rh8 15. Bg5 Kg8 16. Ng3 Nh7 17. Be3 h4 18. Nge2 Bf6 19. Qd2 Qd8 20. Kg2 Bg5 21.
f4 exf4 22. Bxf4 Qe7 23. Rhf1 Kg7 24. Ng1 Bxf4 25. Qxf4 Ng5 26. Nf3 Nxf3 27. Rxf3 f6 28. Raf1 Raf8 29. Qd2 Nb8 30. Ne2 g5 31. R3f2 Be8 32.
Ng1 Bg6 33. Qc2 Nd7 34. Nf3 Rf7 35. Re1 Re8 36. Qc3 Ne5 37. Nxe5 Qxe5 38. Qxe5 Rxe5 39. Rfe2 Rfe7 40. Kf3 a6 41. a4 b6 42. b3 Be8 43.
Ra1 Rb7 44. Raa2 Ree7 45. Ra1 Rb8 46. Raa2 Reb7 47. Ra1 Kf8 48. Rea2 Ke7 49. Ra3 Bd7 50. Ke3 b5 51. axb5 axb5 52. cxb5 Bxb5 53. Ra7 Bxd3 54.
Kxd3 Rxa7 55. Rxa7+ Ke8 56. Kc3 Rb4 57. Ra8+ Kd7 58.
Ra7+ Kc8 59. Rf7 Rxe4 60. Rxf6 Kd7 61. Rf7+ Ke8 62. Rf5 Re3+ 63. Kc4 Rxh3 64. Rxg5 Rg3 65. Rg6 Ke7 66. Re6+ Kd7 67. Rg6 h3 68. Rg7+ Ke8 69.
g5 Rg4+ 70. Kc3 Rh4 71. Rg8+ Kf7 72. Ra8 h2 73. g6+ Kg7 74. Ra7+ Kxg6 75. Ra1 h1=Q 0-1

[Event "*** Titled Tuesday Blitz"]
[Site "Chess.com"]
[Date "2021.03.30"]
[Round "2"]
[White "TeukkaSalama"]
[Black "RobertoJBM"]
[Result "1/2-1/2"]
[WhiteElo "2355"]
[BlackElo "2719"]
[TimeControl "180+1"]
[EndTime "10:18:41 PDT"]
[Termination "Game drawn - insufficient material"]

1. e4 c5 2. Nf3 e6 3. d4 cxd4 4.
Nxd4 Nc6 5. Nc3 Qc7 6. Be3 a6 7. Qf3 Nf6 8. O-O-O Be7 9. Qg3 Qxg3 10. hxg3 Ng4 11.
Nxc6 Nxe3 12. Nxe7 Nxd1 13. Nxc8 Nxc3 14. Nb6 Nxe4 15.
Nxa8 Nxf2 16. Rh4 Ke7 17. Nb6 d5 18. Bd3 h5 19. Na4 a5 20. Nc5 Rc8 21. Rf4 Nxd3+ 22. Nxd3 f6 23. Ra4 b6 24. Kd2 e5 25. Ra3 Kd6 26. Rc3 Rxc3 27. Kxc3 g5 28. Kd2 e4 29. Nf2 f5 30. Nh3 Ke5 31. Nxg5 f4 32. c3 fxg3 33. Ke3 h4 34. Nh3 b5 35. a3 b4 36. axb4 axb4 37.
Nf4 bxc3 38. bxc3 Kd6 39. Kd4 Kc6 40. c4 dxc4 41. Kxc4 Kd6 42. Kd4 Ke7 43. Kxe4 Kf6 44. Kf3 Kg5 45. Nh3+ Kf5 46. Ng1 Kg5 47. Ne2 Kf5 48.
Nd4+ Kg5 49. Ne2 Kf5 50. Ng1 Kg5 51. Ke4 Kg4 52. Ke5 Kg5 53. Ke6 Kf4 54. Kf6 Ke3 55. Kg5 Kf2 56. Nh3+ Kxg2 57. Kxh4 Kf3 58. Ng1+ Kf2 59.
Nh3+ Kf3 60. Ng1+ Kf4 61. Nh3+ Ke3 62. Kxg3 1/2-1/2

[Event "*** Titled Tuesday Blitz"]
[Site "Chess.com"]
[Date "2021.03.30"]
[Round "2"]
[White "Tigers2017"]
[Black "MikeSailer"]
[Result "0-1"]
[WhiteElo "2389"]
[BlackElo "2128"]
[TimeControl "180+1"]
[EndTime "10:18:42 PDT"]
[Termination "MikeSailer won on time"]

1. d4 d5 2. c4 Bf5 3. Nc3 e6 4. Nf3 Nc6 5. Bf4 Nf6 6. e3 Be7 7. cxd5 exd5 8. Bb5 O-O 9. O-O Nb8 10. Rc1 c6 11. Bd3 Bxd3 12. Qxd3 Re8 13. h3 Nbd7 14.
Ne5 Nxe5 15. dxe5 Nd7 16. e4 Nc5 17. Qg3 Nxe4 18. Nxe4 dxe4 19. Rfd1 Qb6 20. Rd7 Rad8 21. Rcd1 Qxb2 22. Bh6 g6 23. Qf4 Qb4 24. R1d4 Qc5 25.
Qxe4 Rxd7 26. Rxd7 Bf8 27. Bf4 Bg7 28. Qf3 Qc4 29.
Rxb7 Qxa2 30. Be3 a5 31. Qxc6 Qa1+ 32. Kh2 Qxe5+ 33. g3 h5 34. Qd7 Rf8 35. Ra7 h4 36.
Bf4 hxg3+ 37. Bxg3 Qc5 38. Qc7 Rc8 39. Qxc5 Rxc5 40.
Bd6 Rd5 41. Ra8+ Kh7 42. Bg3 Be5 43. Ra7 Bxg3+ 44. Kxg3 Kg7 45. Kg4 Kf6 46. f4 Ke6 47. Ra6+ Ke7 48. Ra7+ Kf8 49. h4 Kg7 50. Ra6 Rf5 51. Ra7 Kf8 52. Ra8+ Ke7 53. Ra6 Kd7 54. Kg3 Kc7 55. Kf3 Kb7 56. Rd6 a4 57. Rd4 Ra5 58. Rd2 a3 59. Ra2 Kc6 60. Ke3 Kc5 61. Kd3 Kd5 62.
Kc3 Ke4 63. Kb3 Kxf4 64. Rf2+ Kg4 65. Ka2 f5 66. Rg2+ Kh5 67. Rg5+ Kh6 68. Rg2 Ra4 0-1

[Event "*** Titled Tuesday Blitz"]
[Site "Chess.com"]
[Date "2021.03.30"]
[Round "2"]
[White "lukazz029"]
[Black "andriipalchuk"]
[Result "0-1"]
[WhiteElo "2163"]
[BlackElo "2614"]
[TimeControl "180+1"]
[EndTime "10:18:44 PDT"]
[Termination "andriipalchuk won by resignation"]

1. e4 e5 2. Nf3 Nc6 3. Bb5 a6 4. Ba4 Nf6 5. O-O Nxe4 6. d4 b5 7. Bb3 d5 8. dxe5 Be6 9. c3 Bc5 10. Nbd2 O-O 11. Bc2 Nxf2 12. Rxf2 f6 13. exf6 Bxf2+ 14.
Kxf2 Qxf6 15. Nb3 Ne5 16. Nd4 Bg4 17. Kg1 c5 18. Bg5 Nxf3+ 19. Nxf3 Bxf3 20. Bxf6 Bxd1 21. Rxd1 Rxf6 22. Rxd5 Re8 23. h3 Re1+ 24. Kh2 Re2 25. Bd1 Rxb2 26. Rxc5 Rff2 27. Rg5 h6 28. Rg3 Kf8 29.
Bb3 a5 30. Bd5 Rbc2 31. Bb3 Rb2 32. Bd5 Rf6 33. Re3 Rd2 34. Bb3 Rdd6 35. c4 a4 36.
c5 Rc6 37. Bc2 Rxc5 38. Be4 Re5 39. Kg3 Ke7 40. Re2 Rfe6 41. Kf3 b4 42. g4 b3 43. axb3 axb3 44. Rb2 Rxe4 45. Rxb3 R4e5 46. Rb7+ Kf6 47. Rb3 Kg6 48. Kg3 Rf6 49. h4 Ra5 50. h5+ Kh7 51.
Re3 Ra4 52. Kh4 Rff4 53. Rg3 g5+ 54. hxg6+ Kxg6 55. Kh3 Rfb4 56. Rg2 Rb3+ 57. Kh4 Rbb4 58. Rg3 Rc4 59. Kh3 Kg5 60. Rg2 Rc3+ 61. Kh2 Rxg4 62.
Re2 Rh4+ 63. Kg2 Rg4+ 64. Kf2 Rc5 65. Ke1 Kf5 66. Re5+ Rxe5+ 0-1

[Event "*** Titled Tuesday Blitz"]
[Site "Chess.com"]
[Date "2021.03.30"]
[Round "2"]
[White "Sadykov_Ramil"]
[Black "Myshakov_Fedor"]
[Result "1-0"]
[WhiteElo "2608"]
[BlackElo "2338"]
[TimeControl "180+1"]
[EndTime "10:18:44 PDT"]
[Termination "Sadykov_Ramil won by checkmate"]

1. e4 c6 2. Nc3 d5 3. Nf3 Bg4 4. h3 Bxf3 5. Qxf3 e6 6. Be2 Nd7 7.
d4 dxe4 8. Nxe4 Ngf6 9. O-O Nxe4 10. Qxe4 Nf6 11. Qd3 Bd6 12. c3 Qc7 13. a4 h6 14.
a5 a6 15. Qf3 O-O 16. Bxh6 gxh6 17. Qxf6 Bf4 18. Bd3 Bg5 19. Qf3 Qf4 20. Qe2 Qd2 21. Qe4 f5 22. Qxe6+ Kg7 23. Bxf5 Rf6 24. Qe7+ Rf7 25.
Qe5+ Bf6 26. Qg3+ Qg5 27. Qxg5+ Bxg5 28. Bd3 Raf8 29. g3 h5 30. h4 Bd8 31. Rae1 Bc7 32. b4 Bd6 33. Re6 Rf6 34. Rxf6 Rxf6 35. Re1 Rf7 36. Re6 Bb8 37. Kg2 Rd7 38. Be2 Kf7 39. Rh6 Kg7 40. Rxh5 Bc7 41. Bd3 Kg8 42. f4 b6 43. axb6 Bxb6 44. Kf3 Ra7 45. Rh6 Rc7 46. Be4 a5 47. bxa5 Bxa5 48. Rxc6 Rxc6 49. Bxc6 Bxc3 50. g4 Bxd4 51. g5 Bc3 52. Kg4 Bd2 53. h5 Kh8 54.
h6 Bc1 55. Kf5 Kh7 56. Bd5 Bd2 57.
Kg4 Bc1 58. Be4+ Kh8 59. g6 Bb2 60. g7+ Bxg7 61. hxg7+ Kxg7 62. Kg5 Kf7 63. f5 Kg7 64. f6+ Kf7 65. Bd5+ Kf8 66. Be6 Ke8 67. Kg6 Kf8 68. Bd5 Ke8 69. Kg7 Kd7 70. f7 Kd6 71. f8=Q+ Ke5 72. Bg2 Kd4 73. Qf6+ Ke3 74. Qf3+ Kd2 75. Qe4 Kc1 76. Qe2 Kb1 77. Bd5 Kc1 78. Kf6 Kb1 79.
Ke5 Kc1 80. Kd4 Kb1 81. Kc3 Ka1 82. Qa2# 1-0